 Dungeon Crawl Stone Soup version 0.28.0-53-g5a82cb258f (webtiles) character file.

Game seed: 13789870772029677990

57 protoss039 the Digger (level 3, -1/23 (27) HPs)
             Began as a Demonspawn Earth Elementalist on June 17, 2022.
             Was an Initiate of Vehumet.
             Slain by Terence
             ... wielding a +4 mace of draining
              (2 damage)
             ... on level 3 of the Dungeon.
             The game lasted 00:03:29 (3232 turns).

protoss039 the Digger (DsEE)                        Turns: 3232, Time: 00:03:30

HP:   -1/23 (27)    AC:  9    Str:  8    XL:     3   Next: 73%
MP:   5/6           EV: 11    Int: 18    God:    Vehumet [......]
Gold: 68            SH:  0    Dex: 13    Spells: 0/6 levels left

rFire   . . .      SeeInvis .   i - +3 trident (freeze)
rCold   . . .      Faith    .   (no shield)
rNeg    . . .      Spirit   .   h - +0 leather armour
rPois   .          Reflect  .   (no helmet)
rElec   .          Harm     .   b - scarf {repulsion}
rCorr   +          Rampage  .   (no gloves)
Will    .....                   (no boots)
Stlth   ++........              (no amulet)
HPRegen 0.07/turn               k - ring of resist corrosion
MPRegen 0.10/turn               (no ring)

@: mighty, sanguine armoured, heavily drained, repel missiles
A: powered by pain 1, sanguine armour 1
a: Renounce Religion


You were on level 3 of the Dungeon.
You worshipped Vehumet.
Vehumet was noncommittal.
You visited 1 branch of the dungeon, and saw 3 of its levels.

You collected 68 gold pieces.

Inventory:

Hand Weapons
 i - a +3 trident of freezing (weapon)
Missiles
 c - 46 stones
Armour
 b - a scarf of repulsion (worn)
 h - a +0 leather armour (worn)
Jewellery
 k - a ring of resist corrosion (left hand)
Scrolls
 a - 2 scrolls of identify {unknown}
 d - 2 scrolls of magic mapping {unknown}
 f - a scroll of blinking {unknown}
 l - a scroll of silence {unknown}
Potions
 e - a potion of resistance {unknown}
 g - 2 potions of ambrosia {unknown}
 j - a potion of curing {unknown}


   Skills:
 * Level 2.0 Fighting
 + Level 1.0 Armour
 - Level 1.7 Dodging
 - Level 1.7 Stealth
 + Level 2.3 Spellcasting
 * Level 0.5 Conjurations
 - Level 1.0 Transmutations
 + Level 3.0 Earth Magic


You couldn't memorise any spells.
You knew the following spells:

 Your Spells              Type           Power      Damage    Failure   Level
a - Sandblast             Erth           26%        2d8       7%          1
b - Passwall              Tmut/Erth      7%         N/A       16%         2
c - Stone Arrow           Conj/Erth      16%        3d8       34%         3

Your spell library contained the following spells:

 Spells                   Type           Power      Damage    Failure   Level
 Petrify                  Tmut/Erth      9%         N/A       71%         4


Dungeon Overview and Level Annotations

Branches:
Dungeon (3/15)

Altars:
Vehumet

Annotations:
D:3 Terence


Innate Abilities, Weirdness & Mutations

You sometimes gain a little power by taking damage.
When seriously injured, your blood forms armour. (AC +6)


Message History

Terence is nearby!
Terence is nearby!
Terence shouts!
Casting: Sandblast (safe; 7% risk of failure)
Confirm with . or Enter, or press ? or * to list all spells.
The spell is extremely dangerous to miscast (34% risk of failure)!
Continue anyway?
Aiming: Stone Arrow (extremely dangerous; 34% risk of failure)
Press: ? - help, Shift-Dir - straight line, f - you
Okay, then.
Casting: Stone Arrow (extremely dangerous; 34% risk of failure)
Confirm with . or Enter, or press ? or * to list all spells.
Aiming: Sandblast (safe; 7% risk of failure)
Press: ? - help, Shift-Dir - straight line, f - Terence
Aim: Terence, wielding a +4 mace of draining and wearing a +0 chain mail (85% to hit)
The blast of sand misses Terence.
Unknown command.
You barely miss Terence. Terence barely misses you.
You hit Terence. You freeze Terence.
Terence is moderately wounded.
Terence says, "Rest in peace."
Terence hits you with a +4 mace of draining!
You focus on the pain.
You feel very mighty all of a sudden.
Your blood congeals into armour.
You feel drained.
Unknown command.
Reach: i) +3 trident (freeze)
Press: ? - help, Dir - move target, f/p - Terence
Aim: Terence, wielding a +4 mace of draining and wearing a +0 chain mail (moderately wounded, about 32% to evade your +3 trident of freezing)
You hit Terence. You freeze Terence.
Terence is heavily wounded.
Terence hits you with a +4 mace of draining!
You feel drained.
Unknown command.
Press: ? - help, v - describe, . - travel
Here: Terence, wielding a +4 mace of draining and wearing a +0 chain mail (heavily wounded)
The floor.
Terence hits you with a +4 mace of draining!
* * * LOW HITPOINT WARNING * * *
You feel drained.
You die...

##.# #..# #<##
####.### #......#
#.##.#.# # #.#.## #.
#....######.#
#.####@.....>..#
...##....@.#######.#
#......##.#
.........#.#
.#.###...#.# #
#...#.# .......
#....##. #.##.# .


You could see Terence.

Vanquished Creatures
  An adder (D:2)
  A worm (D:2)
  2 dart slugs (D:1)
  5 bats (D:1)
  3 endoplasms
  3 giant cockroaches
  2 goblins
  4 hobgoblins
  4 jackals (D:1)
  7 kobolds
  3 ball pythons (D:1)
  A rat (D:2)
36 creatures vanquished.

Notes
Turn   | Place    | Note
-------+----------+-------------------------------------------
     0 | D:1      | protoss039 the Demonspawn Earth Elementalist began the
                  | quest for the Orb.
     0 | D:1      | Reached XP level 1. HP: 13/13 MP: 3/3
   128 | D:1      | Reached skill level 1 in Transmutations
   406 | D:1      | Gained mutation: You sometimes gain a little power by
                  | taking damage. [demonic ancestry]
   406 | D:1      | Reached XP level 2. HP: 14/20 MP: 3/5
   553 | D:1      | Reached skill level 1 in Fighting
  1062 | D:1      | Found a faded altar of an unknown god.
  1178 | D:1      | Gained mutation: When seriously injured, your blood forms
                  | armour. (AC +6) [demonic ancestry]
  1178 | D:1      | Reached XP level 3. HP: 23/26 MP: 6/6
  1513 | D:2      | Learned a level 2 spell: Passwall
  1517 | D:2      | Learned a level 3 spell: Stone Arrow
  1556 | D:2      | Reached skill level 1 in Armour
  1556 | D:2      | Reached skill level 3 in Earth Magic
  2451 | D:2      | Found a radiant altar of Vehumet.
  2574 | D:2      | Became a worshipper of Vehumet
  3221 | D:3      | Noticed Terence
  3232 | D:3      | HP: 1/24 [Terence/+4 mace of draining (8)]
  3232 | D:3      | Slain by Terence

Illustrated notes

Levels and vault maps discovered:
D:1:      dpeg_arrival_more_subterranean_lakeside_camping, layout_basic,
          ebering_ecumenical_altar_box
D:2:      layout_basic, basic_altar
D:3:      layout_loops_cross, mainiacjoe_overflow_tiny_flanked,
          nicolae_yredelemnul_ghost_church, uniq_terence

Skill      XL: |  1  2  3 |
---------------+----------+-----
Transmutations | 1 |  1.0
Fighting       | 1 2 |  2.0
Armour         | 1 |  1.0
Earth Magic    | 3 |  3.0
Dodging        | |  1.7
Stealth        | |  1.7
Spellcasting   | |  2.3
Conjurations   | |  0.5

Action                   || total
-------------------------++-------
Melee: Short sword       ||    54
       Trident           ||    22
 Cast: Sandblast         ||    22
 Stab: Sleeping          ||     7
Armor: Robe              ||    14
       Leather armour    ||     2
Dodge: Dodged            ||    59
